 Dungeon Crawl Stone Soup version 0.29.1-1-gd02db6906a (webtiles) character file.

Game seed: 310432281845790096

31 Brecoman the Grave Robber (level 3, -2/26 HPs)
             Began as a Mummy Necromancer on Oct 4, 2022.
             Slain by a bullfrog (6 damage)
             ... on level 4 of the Dungeon.
             The game lasted 00:07:19 (1589 turns).

Brecoman the Grave Robber (Mummy Necromancer)       Turns: 1589, Time: 00:07:20

Health: -2/26      AC:  3    Str: 11    XL:     3   Next: 7%
Magic:  1/7        EV: 11    Int: 35    God:
Gold:   92         SH:  3    Dex: 12    Spells: 4/8 levels left

rFire   x . .      SeeInvis .   f - +2 dagger (vamp)
rCold   + . .      Faith    .   c - +0 buckler
rNeg    + + +      Spirit   .   a - +0 robe
rPois   ∞          Reflect  .   (no helmet)
rElec   .          Harm     .   (no cloak)
rCorr   .          Rampage  .   (no gloves)
Will    .....                   g - +0 pair of boots of Luhie {Int+7}
Stlth   ++........              (no amulet)
HPRegen 0.08/turn               e - +6 ring of intelligence
MPRegen 0.10/turn               k - +6 ring of intelligence

@: very slightly contaminated
A: cold resistance 1, negative energy resistance 3, torment resistance 2, heat
vulnerability 1, in touch with death 1, no potions
a: no special abilities


You were on level 4 of the Dungeon.
You visited 1 branch of the dungeon, and saw 3 of its levels.

You collected 92 gold pieces.

Inventory:

Hand Weapons
 f - a +2 vampiric dagger (weapon)
Missiles
 d - 17 stones
Armour
 a - a +0 robe (worn)
 c - a +0 buckler (worn)
 g - the +0 pair of boots of Luhie (worn) {Int+7}
   (You acquired it on level 4 of the Dungeon)

   Int:       It affects your intelligence (+7).
Jewellery
 e - a +6 ring of intelligence (left hand)
 k - a +6 ring of intelligence (right hand)
Scrolls
 b - 2 scrolls of identify
 h - 2 scrolls of enchant weapon
 j - a scroll of amnesia {unknown}


   Skills:
 + Level 1.2 Fighting
 - Level 1.5 Dodging
 - Level 1.5 Stealth
 + Level 0.9 Shields
 + Level 3.2 Spellcasting
 + Level 4.2 Necromancy


You had 4 spell levels left.
You knew the following spells:

 Your Spells              Type           Power      Damage    Failure   Level
a - Necrotise             Necr           100%       1d9       1%          1
b - Vampiric Draining     Necr           52%        2d9       3%          3

Your spell library contained the following spells:

 Spells                   Type           Power      Damage    Failure   Level
 Animate Dead             Necr           52%        N/A       12%         4
 Agony                    Necr           52%        N/A       32%         5


Dungeon Overview and Level Annotations

Branches:
Dungeon (2/15)

Altars:

Shops:
D:4 *


Innate Abilities, Weirdness & Mutations

You are immune to poison.
Your flesh is cold resistant. (rC+)
You are immune to negative energy. (rN+++)
You are immune to unholy pain and torment.
You are vulnerable to heat. (rF-)
You are in touch with the powers of death.
You do not drink.


Message History

A hobgoblin comes into view.
The hobgoblin shouts!
A bullfrog comes into view.
The bullfrog croaks.
You block the bullfrog's attack.
Casting: Necrotise (safe; 1% risk of failure)
Confirm with . or Enter, or press ? or * to list all spells.
The spell is quite dangerous to miscast (3% risk of failure)!
Continue anyway?
Okay, then.
Okay, then.
You hit the bullfrog.
The bullfrog is lightly wounded.
The bullfrog hits you.
You completely miss the bullfrog.
The bullfrog is lightly wounded.
The bullfrog barely misses you. The bullfrog hits you.
Casting: Vampiric Draining (quite dangerous; 3% risk of failure)
Confirm with . or Enter, or press ? or * to list all spells.
The spell is quite dangerous to miscast (3% risk of failure)!
Continue anyway?
Aiming: Vampiric Draining (quite dangerous; 3% risk of failure)
Press: ? - help, Shift-Dir - straight line, f - bullfrog
Aim: a bullfrog (lightly wounded)
You feel a surge of power!
You draw life force from the bullfrog.
You feel life coursing into your body. The bullfrog barely misses you.
The bullfrog hits you.
You closely miss the bullfrog.
The bullfrog is heavily wounded.
The bullfrog hits you!
Casting: Vampiric Draining (quite dangerous; 3% risk of failure)
Confirm with . or Enter, or press ? or * to list all spells.
The spell is quite dangerous to miscast (3% risk of failure)!
Continue anyway?
Aiming: Vampiric Draining (quite dangerous; 3% risk of failure)
Press: ? - help, Shift-Dir - straight line, f/p - bullfrog
Aim: a bullfrog (heavily wounded)
You feel a surge of power!
You miscast Vampiric Draining.
You are very lightly contaminated with residual magic.
Nothing appears to happen.
The bullfrog hits you.
* * * LOW HITPOINT WARNING * * *
The bullfrog hits you.
You die...

...#.... #.......
######g..# ##........#
#..###....# #.##⌠##...#
###..#_#....#
###.F......#..#
#..@g.........#
#...........∩.....####
#....................###
#..................!....
#.................###...
#.............#...# ####
...........#####..## #
....!.###### #...# #...#


You could see a bullfrog and a hobgoblin.

Vanquished Creatures
  A worm (D:2)
  3 ball pythons
  A giant cockroach (D:1)
  3 goblins (D:1)
  2 hobgoblins
  3 quokkas
  5 bats
  A frilled lizard (D:1)
  A kobold (D:1)
  5 rats (D:1)
25 creatures vanquished.

Vanquished Creatures (collateral kills)
  A hobgoblin (D:1)
  A frilled lizard (D:1)
  A kobold (D:1)
3 creatures vanquished.

Grand Total: 28 creatures vanquished

Notes
Turn   | Place    | Note
-------+----------+-------------------------------------------
     0 | D:1      | Brecoman the Mummy Necromancer began the quest for the Orb.
     0 | D:1      | Reached XP level 1. HP: 13/13 MP: 4/4
   309 | D:1      | Found a faded altar of an unknown god.
   551 | D:1      | Reached XP level 2. HP: 20/20 MP: 0/5
   771 | D:1      | Reached skill level 1 in Fighting
  1325 | D:2      | Identified the +3 leather armour of Perfidy {Harm rCorr}
  1382 | D:2      | Gained mutation: You are in touch with the powers of death.
                  | [Mummy growth]
  1382 | D:2      | Reached XP level 3. HP: 26/26 MP: 5/7
  1395 | D:2      | Learned a level 3 spell: Vampiric Draining
  1417 | D:2      | You fall into a shaft and drop 2 floors!
  1417 | D:4      | Found Zin's Purification Station.
  1420 | D:4      | Identified a scroll of acquirement
  1420 | D:4      | Acquired the +0 pair of boots of Luhie {Int+7}
  1575 | D:4      | Noticed a bullfrog
  1589 | D:4      | Slain by a bullfrog

Illustrated notes

Levels and vault maps discovered:
D:1:      scummos_arrival_forest, layout_basic, ebering_ecumenical_altar_webs,
          minmay_nonomino_d4
D:2:      layout_basic, serial_shops, nicolae_diamond_shop, chequers_arboretum,
          dk_noncrumbling_3
D:4:      layout_cave_pods, zin_purify

Skill      XL: |  1  2 |
---------------+-------+-----
Spellcasting   | 3 |  3.2
Fighting       | 1 |  1.2
Dodging        | |  1.5
Stealth        | |  1.5
Shields        | |  0.9
Necromancy     | |  4.2

Action                   || total
-------------------------++-------
Melee: Unarmed           ||     3
       Punch             ||     1
       Dagger            ||    22
 Cast: Necrotise         ||    35
       Vampiric Draining ||     1
  Use: Scroll            ||     3
Armor: Robe              ||     3
Dodge: Dodged            ||    17
Block: Buckler           ||     6
